 Dungeon Crawl Stone Soup version 0.23.2-1-ga50397a6bc (webtiles) character file.

Game seed: 14744484439207255649

3820 Mrkan the Cleaver (level 9, -5/83 HPs)
             Began as a Minotaur Fighter on May 22, 2019.
             Was an Initiate of Gozag.
             Slain by a troll (8 damage)
             ... on level 9 of the Dungeon.
             The game lasted 00:14:36 (7535 turns).

Mrkan the Cleaver (Minotaur Fighter)                Turns: 7535, Time: 00:14:36

Health: -5/83      AC: 12    Str: 27    XL:     9   Next: 97%
Magic:  8/8        EV:  6    Int:  5    God:    Gozag
Gold:   966        SH: 12    Dex: 12    Spells: 8/8 levels left

rFire    . . .     SeeInvis .   a - +0 war axe
rCold    . . .     Gourm    .   c - +0 shield
rNeg     . . .     Faith    .   n - +0 plate armour
rPois    .         Spirit   .   (helmet restricted)
rElec    .         Reflect  .   (no cloak)
rCorr    .         Harm     .   (no gloves)
MR       .....                  (no boots)
Stlth    ..........             (no amulet)
HPRegen  0.23/turn              (no ring)
MPRegen  0.11/turn              (no ring)

@: mighty
A: retaliatory headbutt, horns 2
a: Potion Petition, Call Merchant, Bribe Branch, Renounce Religion


You were on level 9 of the Dungeon.
You worshipped Gozag.
Gozag was pleased with you.
You were very hungry.

You visited 1 branch of the dungeon, and saw 9 of its levels.

You collected 1475 gold pieces.
You spent 490 gold pieces at shops.
You paid 19 gold pieces to Gozag.

Inventory:

Hand Weapons
 a - a +0 war axe (weapon)
 B - a +3 hand axe
 D - a +0 demon trident
Armour
 c - a +0 shield (worn)
 n - a +0 plate armour (worn)
Jewellery
 E - a +2 ring of intelligence {unknown}
Wands
 b - a wand of iceblast (9)
 x - a wand of paralysis (6)
 A - a wand of acid (20)
Scrolls
 e - 2 scrolls of identify
 h - 2 scrolls of fog {unknown}
 k - 6 scrolls of amnesia {unknown}
 l - 3 scrolls of blinking {unknown}
 o - 11 scrolls of remove curse {unknown}
 q - 2 scrolls of fear {unknown}
 t - 2 scrolls of noise {unknown}
 u - 2 scrolls of teleportation {unknown}
 w - 2 scrolls of enchant armour {unknown}
 y - a scroll of silence {unknown}
 z - a scroll of enchant weapon {unknown}
Potions
 d - a potion of might
 g - 3 potions of agility {unknown}
 i - a potion of lignification {unknown}
 j - a potion of curing
 m - 2 potions of resistance
 p - 2 potions of heal wounds {unknown}
 r - 2 potions of degeneration {unknown}
 s - 4 potions of magic {unknown}
 v - 2 potions of berserk rage {unknown}
 C - 2 potions of brilliance {unknown}
 F - a potion of ambrosia {unknown}
Comestibles
 f - 18 rations


   Skills:
 - Level 9.3 Fighting
 - Level 12.1 Axes
 + Level 6.1 Armour
 * Level 7.8 Shields


You had 8 spell levels left.
You didn't know any spells.
Your spell library contained the following spells:

 Spells                   Type           Power        Failure   Level  Hunger
 Magic Dart               Conj           #...         100%        1    ##.....
 Blink                    Tloc           N/A          100%        2    ###....
 Call Imp                 Summ           #.......     100%        2    ###....
 Slow                     Hex            #.......     100%        2    ###....
 Conjure Flame            Conj/Fire      #.......     100%        3    ####...
 Mephitic Cloud           Conj/Pois/Air  #.......     100%        3    ####...


Dungeon Overview and Level Annotations

Branches:
Dungeon (9/15)             Temple (0/1) D:6
   Lair: D:8-11         Orc: D:9-12

Altars:
Fedhas
Gozag
Hepliaklqana
Makhleb
Nemelex Xobeh
Okawaru
Qazlal
Ru
Sif Muna
Vehumet
Yredelemnul
Beogh

Shops:
D:4 %   D:6 [=(}

Annotations:
D:5 1 runed translucent door, Mrkan's ghost, novice TrMo
D:6 3 runed translucent doors, Valentain's ghost, novice OpWz


Innate Abilities, Weirdness & Mutations

You reflexively headbutt those who attack you in melee.
You have a pair of horns on your head.


Message History

The troll bites you.
* * * LOW HITPOINT WARNING * * *
You block the troll's attack. The troll claws you but does no damage.
You closely miss the troll.
The troll is almost dead.
You block the troll's attack. The troll claws you!
* * * LOW HITPOINT WARNING * * *
The troll claws you.
* * * LOW HITPOINT WARNING * * *
You feel very mighty all of a sudden. The troll bites you.
* * * LOW HITPOINT WARNING * * *
The troll claws you.
* * * LOW HITPOINT WARNING * * *
You block the troll's attack.
You closely miss the troll. Your headbutt misses the troll.
The troll is almost dead.
The troll bites you!
You die...
Your body crumbles into a pile of gold.

## ### ######## ...
..########......####..
..'......'......#S.'
..########......#T#
..# #......@.# ###
#......### ## #####'##
.# #.# .## ..# ..#
.### #'## .. ...# #. $
...#


You could see a troll and an adder.

Vanquished Creatures
  A hornet (D:8)
  A hippogriff (D:8)
  A wyvern (D:8)
  Menkaure (D:5)
  A soldier ant (D:8)
  A hornet zombie (D:9)
  An ice beast (D:5)
  2 phantoms
  2 orc warriors
  2 centaurs
  2 ogres (D:6)
  A crocodile (D:9)
  Blork the orc (D:5)
  3 bullfrogs
  A gnoll sergeant (D:6)
  3 scorpions
  5 killer bees (D:7)
  2 howler monkeys
  An electric eel (D:6)
  4 crimson imps
  2 centaur zombies
  A bullfrog zombie (D:5)
  2 jellies
  6 hounds
  A bullfrog skeleton (D:6)
  3 iguanas
  5 orc wizards
  7 worker ants
  A hound zombie (D:6)
  A hound skeleton (D:6)
  2 worker ant zombies
  7 gnolls
  16 adders
  2 shadow imps
  An adder zombie (D:5)
  2 oozes
  3 worms
  4 dart slugs
  2 leopard geckos
  25 orcs
  4 giant cockroaches
  2 gnoll zombies (D:2)
  9 hobgoblins
  17 jackals
  A quokka (D:6)
  3 ball pythons
  8 bats
  6 frilled lizards
  3 goblins
  9 kobolds
  A leopard gecko skeleton (D:6)
  5 rats
197 creatures vanquished.

Vanquished Creatures (others)
  A giant cockroach (D:6)
  A withered plant (D:5)
2 creatures vanquished.

Grand Total: 199 creatures vanquished

Notes
Turn   | Place    | Note
-------+----------+-------------------------------------------
     0 | D:1      | Mrkan the Minotaur Fighter began the quest for the Orb.
     0 | D:1      | Reached XP level 1. HP: 19/19 MP: 0/0
   169 | D:1      | Reached skill level 3 in Axes
   169 | D:1      | Reached XP level 2. HP: 23/27 MP: 1/1
   666 | D:2      | Found an opulent altar of Gozag.
   681 | D:2      | Became a worshipper of Gozag Ym Sagoz the Greedy
   721 | D:2      | Reached XP level 3. HP: 33/33 MP: 2/2
   731 | D:2      | Reached skill level 4 in Axes
  1023 | D:2      | Reached XP level 4. HP: 30/41 MP: 3/3
  1051 | D:2      | Found a deep blue altar of Sif Muna.
  1186 | D:2      | Found a basalt altar of Yredelemnul.
  1428 | D:3      | Found a sacrificial altar of Ru.
  1487 | D:3      | Reached skill level 5 in Axes
  1992 | D:3      | Found a sparkling altar of Nemelex Xobeh.
  2080 | D:4      | Reached XP level 5. HP: 40/47 MP: 4/4
  2164 | D:4      | Reached skill level 5 in Fighting
  2234 | D:4      | Noticed a phantom
  2263 | D:4      | Killed a phantom
  2263 | D:4      | Reached skill level 6 in Axes
  2464 | D:4      | Reached XP level 6. HP: 56/56 MP: 5/5
  2541 | D:4      | Found a burning altar of Makhleb.
  2785 | D:4      | Found Hesor's Food Shoppe.
  2793 | D:4      | Bought a ration for 70 gold pieces
  2793 | D:4      | Bought a ration for 70 gold pieces
  2793 | D:4      | Bought a ration for 70 gold pieces
  2793 | D:4      | Bought a ration for 70 gold pieces
  2793 | D:4      | Bought a ration for 70 gold pieces
  2793 | D:4      | Bought a ration for 70 gold pieces
  2793 | D:4      | Bought a ration for 70 gold pieces
  2877 | D:5      | Entered Level 5 of the Dungeon
  2884 | D:5      | Reached skill level 7 in Axes
  2913 | D:5      | Noticed an ice beast
  2943 | D:5      | Killed an ice beast
  2943 | D:5      | Reached XP level 7. HP: 48/64 MP: 6/6
  2979 | D:5      | Reached skill level 8 in Axes
  3048 | D:5      | Found a blossoming altar of Fedhas.
  3176 | D:5      | Noticed Blork the orc
  3195 | D:5      | HP: 1/64 [Blork the orc/+2 scimitar of draining (5)]
  3198 | D:5      | Killed Blork the orc
  3456 | D:5      | Noticed Menkaure
  3462 | D:5      | Killed Menkaure
  3462 | D:5      | Reached skill level 9 in Axes
  3656 | D:5      | Found a runed translucent door.
  3658 | D:5      | Noticed Mrkan's ghost (novice TrMo)
  3735 | D:5      | Found an iron altar of Okawaru.
  3836 | D:5      | Reached XP level 8. HP: 73/73 MP: 7/7
  3877 | D:6      | Found a runed translucent gate.
  3877 | D:6      | Found a runed translucent gate.
  3877 | D:6      | Found a runed translucent gate.
  3877 | D:6      | Noticed Valentain's ghost (novice OpWz)
  3878 | D:6      | Found a roughly hewn altar of Beogh.
  3908 | D:6      | Identified the +8 great sword "Dimigeqa" {vamp, rF+ MP+9}
  3908 | D:6      | Identified the +5 plate armour "Nuloaj" {rF++ Int+3}
  4020 | D:6      | Found Zufyif's Gadget Boutique.
  4070 | D:6      | Found Zaphifev's Weapon Emporium.
  4137 | D:5      | HP: 3/73 [gnoll (5)]
  4502 | D:6      | Reached skill level 10 in Axes
  4539 | D:6      | Found a hazy altar of Hepliaklqana.
  4848 | D:6      | Found a radiant altar of Vehumet.
  5013 | D:6      | Reached skill level 11 in Axes
  5021 | D:6      | Found a staircase to the Ecumenical Temple.
  5099 | D:6      | Found Odeit's Antique Armour Shoppe.
  5100 | D:6      | Found Zill's Jewellery Boutique.
  5316 | D:6      | Reached XP level 9. HP: 26/82 MP: 8/8
  5618 | D:7      | Reached skill level 12 in Axes
  6314 | D:8      | Reached skill level 5 in Shields
  6462 | D:8      | Found a stormy altar of Qazlal.
  6654 | D:8      | Reached skill level 5 in Armour
  6660 | D:8      | Paralysed by a hornet for 1 turns
  6666 | D:8      | Paralysed by a hornet for 3 turns
  7520 | D:9      | Noticed a troll
  7534 | D:9      | HP: 3/83 [troll (3)]
  7535 | D:9      | Slain by a troll

Skill      XL: |  1  2  3  4  5  6  7  8  9 |
---------------+----------------------------+-----
Axes           | 3 4 5 6 7 9 11 12 | 12.1
Fighting       | 4 5 6 7 8 9 |  9.3
Shields        | 7 |  7.8
Armour         | 6 |  6.1

Action                   |  1- 3 |  4- 6 |  7- 9 || total
-------------------------+-------+-------+-------++-------
Melee: War axe           |    97 |   147 |   377 ||   621
       Headbutt          |    10 |    19 |    70 ||    99
  Use: Scroll            |       |     2 |     3 ||     5
       Potion            |       |       |     4 ||     4
 Stab: Distracted        |     1 |     1 |     1 ||     3
  Eat: Ration            |       |     2 |     4 ||     6
Armor: Scale mail        |     8 |       |    22 ||    30
       Plate armour      |    48 |   101 |   216 ||   365
Dodge: Dodged            |    22 |    20 |    68 ||   110
Block: Shield            |    50 |    76 |   209 ||   335
